 Dungeon Crawl Stone Soup version 0.28-a0-932-g843f935a50 (webtiles) character file.

Game seed: 802918075594095533

1251 bearlyready the Cleaver (level 8, -6/64 HPs)
             Began as a Hill Orc Monk on Nov 28, 2021.
             Was a Believer of Trog.
             Mangled by a shadow (24 damage)
             ... on level 8 of the Dungeon.
             The game lasted 00:07:20 (3926 turns).

bearlyready the Cleaver (Hill Orc Monk)             Turns: 3926, Time: 00:07:21

Health: -6/64      AC:  7    Str: 22    XL:     8   Next: 51%
Magic:  8/8        EV: 11    Int: 10    God:    Trog [**....]
Gold:   86         SH:  0    Dex: 13    Spells: 7/7 levels left

rFire   . . .      SeeInvis .   a - +0 hand axe
rCold   . . .      Faith    .   (no shield)
rNeg    . . .      Spirit   .   c - +0 ring mail
rPois   .          Reflect  .   o - +0 helmet
rElec   .          Harm     .   i - +0 cloak
rCorr   .          Rampage  .   (no gloves)
Will    .....                   (no boots)
Stlth   +.........              q - amulet of magic regeneration
HPRegen 0.20/turn               e - +6 ring of strength
MPRegen 0.51/turn               m - ring of flight

@: flying
A: no striking features
a: Renounce Religion, Berserk, Trog's Hand


You were on level 8 of the Dungeon.
You worshipped Trog.
Trog was pleased with you.
You visited 1 branch of the dungeon, and saw 6 of its levels.

You collected 234 gold pieces.
You spent 148 gold pieces at shops.

Inventory:

Hand Weapons
 a - a +0 hand axe (weapon)
 j - a +0 hunting sling
Missiles
 d - 97 stones (quivered)
 n - 53 sling bullets
 s - 4 boomerangs
Armour
 b - a +0 robe
 c - a +0 ring mail (worn)
 i - a +0 cloak (worn)
 o - a +0 helmet (worn)
 r - a +0 plate armour
Jewellery
 e - a +6 ring of strength (left hand)
 m - a ring of flight (right hand)
 q - an amulet of magic regeneration (around neck)
Scrolls
 g - a scroll of vulnerability
 k - 2 scrolls of noise
Potions
 l - a potion of curing
 p - a potion of brilliance


   Skills:
 - Level 3.6 Fighting
 + Level 13.4 Axes
 - Level 2.4 Dodging
 - Level 1.5 Stealth


You had 7 spell levels left.
You didn't know any spells.
Your spell library contained the following spells:

 Spells                   Type           Power      Damage    Failure   Level
 Pain                     Necr           0%         1d4       52%         1
 Sandblast                Erth           0%         2d4       52%         1
 Animate Armour           Summ/Erth      0%         N/A       99%         4
 Borgnjor's Vile Clutch   Necr/Erth      0%         N/A       100%        5
 Simulacrum               Ice/Necr       0%         N/A       100%        6


Dungeon Overview and Level Annotations

Branches:
Dungeon (8/15)
 Temple: D:4-7         Lair: D:8-11

Altars:
Trog

Shops:
D:2 (*[!!   D:4 !


Message History

No target in view!
No target in view!
No target in view!
You shoot a stone. The stone hits the orc.
The orc is lightly wounded.
The orc zaps a wand.
The mass of ice explodes!
The iceblast engulfs you.
You hear an angry buzzing noise. x3; You hear an angry hiss.
You hear an angry buzzing noise. x4
You shoot a stone.
The stone hits the orc but does no damage.
The orc is lightly wounded.
The orc zaps a wand.
The mass of ice explodes!
The iceblast engulfs you!
You hear an angry buzzing noise. x4; You hear two shouts!
There is a large open door here.
You reach down and close the large door.
You start resting.
A shadow opens the door.
a - a +0 hand axe (weapon)
The shadow slips into darkness.
The shadow flickers and vanishes!
Deactivating autopickup; reactivate with Ctrl-A.
The lava snake hisses angrily.
The lava snake spits lava at you.
The glob of lava hits something!
You hit something.
The orc zaps a wand.
The mass of ice explodes!
The iceblast engulfs you!
The iceblast engulfs something.
You hear an angry buzzing noise.
You hear a shout!
You hear two shouts!
You hear an angry buzzing noise.
You hear a shout! x2
You miss something.
The shadow strikes at you from the darkness!
Ouch! That really hurt!
* * * LOW HITPOINT WARNING * * *
Reactivating autopickup.
The shadow slips into darkness.
The shadow flickers and vanishes!
Deactivating autopickup; reactivate with Ctrl-A.
You aren't carrying any items that you can evoke.
Unknown command.
The shadow strikes at you from the darkness!
You die...

...≈≈§....≈≈§....
....≈§≈.8..8.≈§§(...
...§§≈8##''##8≈§.§..
.!.≈§§##....##§§§...
...≈§##..(...##§§§..
...§≈#..####..#§§§..
...≈≈#..#..#(.#§§)..
...≈≈#..#..#..#≈≈.##
...≈≈#.@#'##..#§§.#
...≈≈##......##≈§##
...≈ ##....## ≈# ...
###### # ... §≈§≈§§
≈§≈≈§§§≈ #§.###..##
#.# .## .. .#


There were no monsters in sight!

Vanquished Creatures
  A centaur warrior (D:8)
  A hornet (D:8)
  A centaur (D:8)
  A bullfrog (D:8)
  A scorpion (D:3)
  A jelly (D:8)
  A centaur skeleton (D:4)
  2 orc wizards (D:3)
  A hound skeleton (D:3)
  4 adders
  3 dart slugs
  3 orcs (D:3)
  11 ball pythons
  4 bats
  3 endoplasms
  4 giant cockroaches
  11 goblins
  6 hobgoblins
  2 jackals (D:1)
  8 kobolds
  2 quokkas (D:1)
  6 frilled lizards
  5 rats
82 creatures vanquished.

Vanquished Creatures (collateral kills)
  A hound (D:7)
1 creature vanquished.

Grand Total: 83 creatures vanquished

Notes
Turn   | Place    | Note
-------+----------+-------------------------------------------
     0 | D:1      | bearlyready the Hill Orc Monk began the quest for the Orb.
     0 | D:1      | Reached XP level 1. HP: 19/19 MP: 1/1
   114 | D:1      | Reached XP level 2. HP: 16/26 MP: 2/2
   414 | D:1      | Reached skill level 5 in Axes
   654 | D:1      | Reached XP level 3. HP: 28/31 MP: 3/3
  1039 | D:1      | Found a faded altar of an unknown god.
  1095 | D:2      | Found Nump's Antique Weapon Boutique.
  1116 | D:2      | Found Heileakh's Antique Armour Shoppe.
  1154 | D:2      | Reached skill level 6 in Axes
  1337 | D:2      | Reached XP level 4. HP: 23/39 MP: 4/4
  1548 | D:2      | Found Ugromiel's Distillery.
  1553 | D:2      | Bought a potion of curing for 30 gold pieces
  1611 | D:2      | Found Mipheh's General Store.
  1619 | D:2      | Bought 2 scrolls of identify for 48 gold pieces
  1689 | D:2      | Found Yroall's Distillery.
  2155 | D:3      | Reached skill level 7 in Axes
  2236 | D:3      | Reached XP level 5. HP: 37/45 MP: 5/5
  2465 | D:3      | Reached skill level 8 in Axes
  2899 | D:3      | Reached XP level 6. HP: 38/51 MP: 6/6
  3070 | D:4      | Found a bloodstained altar of Trog.
  3112 | D:4      | Became a worshipper of Trog the Wrathful
  3112 | D:4      | Reached * piety under Trog
  3112 | D:4      | Reached ** piety under Trog
  3203 | D:4      | Found Diluusch's Distillery.
  3211 | D:4      | Bought a potion of heal wounds for 70 gold pieces
  3229 | D:7      | Noticed a hornet
  3248 | D:7      | Noticed an ice beast
  3251 | D:7      | Noticed a deep elf pyromancer
  3264 | D:7      | Reached skill level 9 in Axes
  3446 | D:8      | Noticed a centaur warrior
  3458 | D:8      | Killed a centaur warrior
  3459 | D:8      | Reached skill level 12 in Axes
  3459 | D:8      | Reached XP level 7. HP: 18/57 MP: 7/7
  3459 | D:8      | Reached XP level 8. HP: 20/64 MP: 8/8
  3616 | D:8      | Got the Collected Works on Ashen Sinister Rituals
  3663 | D:8      | Paralysed by a hornet for 1 turns
  3670 | D:8      | Killed a hornet
  3671 | D:8      | Reached skill level 13 in Axes
  3918 | D:8      | Noticed a shadow
  3926 | D:8      | Mangled by a shadow

Illustrated notes

Levels and vault maps discovered:
D:1:      dpeg_arrival_radiant, layout_loops_ring,
          dreamdust_ecumenical_altar_angels_and_demons, hangedman_glass_teeth
D:2:      minmay_diamond_boxcup, layout_basic, serial_shops,
          nicolae_square_shop, nicolae_shop_competitors_out_of_business, shop,
          nicolae_shop_hallway_plus, nicolae_shop_advertising_works
          [nicolae_subvault_shop_adworks]
D:3:      layout_rooms, grunt_ministairs_7
D:4:      layout_cave_pools, lemuel_round_altar, serial_shops,
          nicolae_diamond_shop, hangedman_abyss_or_decor_stabs
D:7:      hangedman_cross_stitches, layout_rooms, serial_shops, kennysheep_mini
D:8:      minmay_bloctagon, layout_cave_pools, kennysheep_island_fort

Skill      XL: |  1  2  3  4  5  6  7  8 |
---------------+-------------------------+-----
Axes           | 5 6 7 8 12 13 | 13.4
Fighting       | |  3.6
Dodging        | |  2.4
Stealth        | |  1.5

Action                   |  1- 3 |  4- 6 |  7- 9 || total
-------------------------+-------+-------+-------++-------
Melee: Hand axe          |   141 |   186 |    14 ||   341
 Fire: Hunting sling     |       |       |     3 ||     3
Invok: Berserk           |       |     1 |       ||     1
  Use: Scroll            |       |     8 |       ||     8
       Potion            |       |     1 |     4 ||     5
 Stab: Sleeping          |       |     1 |       ||     1
Armor: Ring mail         |    58 |    95 |    10 ||   163
       Robe              |     1 |       |       ||     1
       Skin              |       |       |     9 ||     9
Dodge: Dodged            |    96 |    96 |    10 ||   202

Table legend: (Time is in decaauts)
 A = Elapsed time spent in this place.
 B = Non-inter-level travel time spent in this place.
 C = Inter-level travel time spent in this place.
 D = Time resting spent in this place.
 E = Time spent auto-exploring this place.
 F = Levels seen in this place.
 G = Mean time per level.
                   A        B        C        D        E       F      G
               +--------+--------+--------+--------+--------+-----+--------+
         Total |   3917 |   3879 |     38 |    545 |   2512 |   6 |  652.8 |
       Dungeon |   3917 |   3879 |     38 |    545 |   2512 |   6 |  652.8 |
               +--------+--------+--------+--------+--------+-----+--------+

Top non-repeatable levels by time:
     D:1: 1097 daAuts
     D:3: 944 daAuts
     D:2: 927 daAuts
     D:8: 642 daAuts
     D:4: 247 daAuts
     D:7: 58 daAuts
